AoeStats
← tomi93339

Arabia

510188903Analyzed
2v2 RM · 3d ago on Sep 29, 2026· 60m 6s· 4 players
Game mode
Random Map
Map size
Medium (4 player)
Population
200
Speed
Normal
Resources
Standard
Victory
Conquest
Starting age
Dark Age
Ending age
Imperial Age
RankedLock teamsTeams togetherTeam positionsShared explorationLock speedFull tech treeHidden civsTurbo modeCheats
Victory
Defeat
🇦🇷 Mongols · Argentina
1132
+16
🇦🇷 Danes · Argentina
1114
+17
🇨🇦 Saxons · Canada
1254
-21
🇨🇦 Varangians · Canada
1011
-12
tomi93339
3:04 Loom
6:53 Loom
9:48 Feudal Age
9:59 Man-at-Arms
10:07 Man-at-Arms
16:12 Double-Bit Axe
22:44 Castle Age
21:22 Fletching
21:33 Padded Archer Armor
21:35 Horse Collar
28:12 Bow Saw
28:26 Bodkin Arrow
28:46 Leather Archer Armor
28:27 Bodkin Arrow
33:12 Forging
33:02 Scale Mail Armor
33:12 Forging
36:43 Iron Casting
36:23 Chain Mail Armor
36:59 Elite Skirmisher
40:25 Imperial Age
39:16 Gold Mining
39:16 Stone Mining
40:19 Wheelbarrow
39:58 Town Watch
40:19 Heavy Plow
43:34 Town Patrol
46:52 Hand Cart
47:32 Bracer
48:02 Ring Archer Armor
48:33 Blast Furnace
48:04 Plate Mail Armor
48:34 Blast Furnace
48:04 Plate Mail Armor
48:53 Gold Shaft Mining
48:08 Stone Mining
48:45 Conscription
51:06 Elite Jomsviking
Drakath6696
5:47 Loom
8:27 Feudal Age
6:43 Loom
9:16 Double-Bit Axe
20:54 Castle Age
19:02 Gold Mining
19:02 Horse Collar
21:27 Fletching
21:10 Elite Skirmisher
22:47 Bodkin Arrow
23:38 Bow Saw
23:55 Husbandry
25:50 Wheelbarrow
25:01 Town Watch
26:32 Stone Mining
26:46 Heavy Plow
32:44 Bloodlines
32:47 Forging
33:15 Light Cavalry
36:49 Imperial Age
35:36 Thumb Ring
35:59 Scale Barding Armor
37:21 Ballistics
38:44 Conscription
40:16 Hussar
45:57 Chemistry
46:41 Hand Cart
46:27 Town Patrol
45:50 Elite Mangudai
48:09 Iron Casting
47:34 Bracer
47:55 Chain Barding Armor
50:31 Blast Furnace
51:40 Padded Archer Armor
58:52 Gold Shaft Mining
HeyZeusHayden
8:24 Loom
10:40 Feudal Age
12:06 Double-Bit Axe
15:23 Fletching
18:17 Scale Mail Armor
20:09 Padded Archer Armor
20:50 Horse Collar
24:40 Castle Age
24:43 Forging
24:49 Crossbowman
24:52 Pikeman
26:33 Bodkin Arrow
27:21 Wheelbarrow
27:30 Bow Saw
30:04 Chain Mail Armor
29:52 Town Watch
30:59 Leather Archer Armor
33:06 Ballistics
33:39 Heavy Plow
35:01 Hand Cart
34:49 Gold Mining
36:31 Gold Shaft Mining
36:15 Squires
41:21 Imperial Age
39:43 Iron Casting
39:36 Masonry
39:49 Stone Mining
40:18 Thumb Ring
41:09 Town Patrol
43:04 Chemistry
42:11 Bracer
41:36 Arbalester
43:56 Plate Mail Armor
44:27 Ring Archer Armor
44:20 Sappers
44:39 Elite Varangian Guard
45:05 Arson
44:54 Pikeman
46:05 Guard Tower
48:01 Architecture
47:12 Halberdier
48:14 Siege Engineers
47:59 Shield Wall
48:59 Conscription
48:49 Gambesons
50:02 Keep
49:13 Arrowslits
49:38 Treadmill Crane
51:04 Scale Barding Armor
51:03 Elite Skirmisher
53:07 Chain Barding Armor
52:48 Husbandry
52:58 Bloodlines
52:09 Light Cavalry
55:10 Hoardings
58:55 Hussar
Towel
1:15 Loom
12:04 Feudal Age
14:17 Horse Collar
14:26 Double-Bit Axe
17:56 Gold Mining
18:25 Bloodlines
18:28 Scale Barding Armor
26:35 Castle Age
24:47 Town Watch
27:02 Forging
28:41 Husbandry
28:56 Squires
32:37 Gambesons
32:16 Light Cavalry
37:56 Imperial Age
38:05 Chain Barding Armor
39:46 Murder Holes
40:54 Chemistry
39:43 Pikeman
39:46 Elite Skirmisher
40:57 Bow Saw
40:39 Stone Mining
40:53 Heavy Plow
42:02 Iron Casting
41:46 Cavalier
43:02 Conscription
Connection lost

Rejoining the realm…

Still unreachable

The connection could not be restored.

Session expired

The server has moved on; the page needs a fresh start.